[Event "Januariturneringen"]
[Site "?"]
[Date "2008.01.04"]
[Round "1"]
[White "Stål, Carl Olof"]
[Black "Kling, Anders"]
[Result "0-1"]
[ECO "A55"]
[WhiteElo "1796"]
[BlackElo "2263"]

[PlyCount "140"]
[TimeControl "300"]

1. d4 Nf6 2. c4 d6 3. Nc3 Nbd7 4. e4 e5 5. Nf3
Be7 6. Be2 O-O 7. O-O c6 8. Re1 a6 9. h3 b5 10. a3 Bb7 11. Bf1 Qc7 12. Bg5 h6
13. Bh4 Rae8 14. Rc1 Qb8 15. d5 Qa8 16. dxc6 Bxc6 17. Nd5 Bxd5 18. cxd5 Nc5 19.
Bxf6 Bxf6 20. b4 Na4 21. Rc6 Rd8 22. Qc2 g6 23. Rc1 Kg7 24. Rc7 Rb8 25. Qc6
Rfd8 26. Qxa8 Rxa8 27. R7c6 Be7 28. Be2 f5 29. Rc7 Kf6 30. Nd2 Rdb8 31. f3 Nb6
32. Nb3 Na4 33. R7c6 Rd8 34. Na5 Kg5 35. Kf2 fxe4 36. fxe4 Rf8+ 37. Bf3 Nb2 38.
Ke3 Kh4 39. R1c2 Nc4+ 40. Nxc4 bxc4 41. R2xc4 Kg3 42. Rc7 Bd8 43. R7c6 Rf6 44.
Rc2 Ra7 45. R2c3 g5 46. Kd2 Kf2 47. Re3 a5 48. b5 a4 49. Ra6 Rb7 50. Re2+ Kg3
51. Rxa4 Rxb5 52. Kc1 Ba5 53. Rb2 Rc5+ 54. Rc2 Bc3 55. Ra6 Bd4 56. Rxc5 Bxc5
57. Ra8 h5 58. Bxh5 Kxg2 59. Bg4 Rf4 60. a4 Rxe4 61. a5 Ra4 62. a6 Kf2 63. Rg8
Rxa6 64. Kc2 Be3 65. Be6 Bf4 66. Rc8 e4 67. Bg4 Ra1 68. Re8 e3 69. Kd3 Ra3+ 70.
Kc2 Ra5 0-1

[Event "Januariturneringen"]
[Site "?"]
[Date "2008.01.04"]
[Round "1"]
[White "Hjorth, Gunnar"]
[Black "Jäske, Håkan"]
[Result "1-0"]
[ECO "E65"]
[WhiteElo "2251"]
[BlackElo "1753"]

[PlyCount "59"]
[TimeControl "300"]

1. d4 Nf6 2. Nf3 g6 3. c4 Bg7 4. g3 d6 5. Bg2
Nbd7 6. Nc3 O-O 7. O-O c5 8. b3 cxd4 9. Nxd4 Nc5 10. Bb2 Rb8 11. Qd2 Ne6 12.
Nc2 Bd7 13. e4 Ne8 14. Nb4 N8c7 15. Rfd1 a5 16. Nbd5 Bc6 17. Rac1 b6 18. e5
Bxd5 19. cxd5 Nc5 20. exd6 exd6 21. Ne2 Nb5 22. Bxg7 Kxg7 23. a4 Nc7 24. Nd4
Qd7 25. h4 Ra8 26. h5 Kg8 27. h6 b5 28. Nc6 bxa4 29. bxa4 f5 30. Rxc5 1-0

[Event "Januariturneringen"]
[Site "?"]
[Date "2008.01.04"]
[Round "1"]
[White "Baghomian, Emin"]
[Black "Malmdin, Nils Åke"]
[Result "0-1"]
[ECO "A34"]
[WhiteElo "1733"]
[BlackElo "2234"]

[PlyCount "68"]
[TimeControl "300"]

1. Nf3 Nf6 2. c4 c5 3. Nc3 Nc6 4. d3 d5 5. cxd5 Nxd5 6. Ne4 f5
7. Nc3 e6 8. e3 Be7 9. Rb1 O-O 10. Be2 Nc7 11. O-O e5 12. Bd2 Be6 13. b3 Rb8
14. Ne1 Qd7 15. Qc1 Rfd8 16. Rb2 c4 17. Nb1 cxb3 18. axb3 Nd5 19. Qd1 a6 20.
Nc2 Ndb4 21. Ne1 Bf6 22. Nc3 b5 23. Qb1 Be7 24. Kh1 Bf8 25. Rg1 Na5 26. Na2
Nbc6 27. b4 Nb7 28. Nc3 Nd6 29. Bf3 e4 30. Be2 exd3 31. Bxd3 Bc4 32. Nf3 Bxd3
33. Qxd3 Nc4 34. Qxd7 Rxd7 0-1

[Event "Januariturneringen"]
[Site "?"]
[Date "2008.01.04"]
[Round "1"]
[White "Carlsson, Eric"]
[Black "Heijdenberg, Ronny"]
[Result "1/2-1/2"]
[ECO "A05"]
[WhiteElo "2078"]
[BlackElo "1599"]

[PlyCount "56"]
[TimeControl "300"]

1. Nf3 d5 2. g3 Nf6 3. Bg2 g6 4. b4 Bg7 5. Bb2
c6 6. O-O O-O 7. d3 Qb6 8. a3 a5 9. Bd4 Qd8 10. Nbd2 Bg4 11. c4 dxc4 12. dxc4
Qc8 13. Re1 Rd8 14. Qb3 axb4 15. axb4 Rxa1 16. Bxa1 Bh6 17. Bc3 Na6 18. Qb2 Qe6
19. e4 Bxf3 20. Nxf3 Qxc4 21. Bf1 Qe6 22. Nd4 Qc8 23. Nb3 Bg7 24. Bc4 Nc7 25.
Nd4 Ng4 26. f4 Nf6 27. Nf3 Nh5 28. Ng5 e6 1/2-1/2

[Event "Januariturneringen"]
[Site "?"]
[Date "2008.01.04"]
[Round "1"]
[White "Book, Kaarlo"]
[Black "Fuentes, Ruben"]
[Result "1/2-1/2"]
[ECO "D02"]
[WhiteElo "1540"]
[BlackElo "1962"]

[PlyCount "81"]
[TimeControl "300"]

1. d4 Nf6 2. Nf3 g6 3. g3 Bg7 4. Bg2 O-O 5. O-O
d5 6. c3 Nbd7 7. h3 c5 8. Be3 Ne4 9. Ng5 cxd4 10. cxd4 Ndf6 11. Nxe4 Nxe4 12.
Nd2 f5 13. Nxe4 fxe4 14. Qd2 Qb6 15. Rac1 Bd7 16. Rc2 Rac8 17. Rfc1 Rc6 18.
Rxc6 bxc6 19. b3 Rb8 20. f3 exf3 21. exf3 Qb4 22. Qf2 a5 23. Kh2 a4 24. bxa4
Qxa4 25. h4 Rb4 26. Bh3 Bxh3 27. Kxh3 Rc4 28. Rxc4 Qxc4 29. f4 c5 30. dxc5 d4
31. Bd2 Qxa2 32. f5 Qc2 33. fxg6 hxg6 34. Qe1 Qxc5 35. Qe6+ Kh7 36. Bg5 d3 37.
Bxe7 Qf5+ 38. Qxf5 gxf5 39. Bb4 Bh6 40. g4 fxg4+ 41. Kxg4 1/2-1/2

[Event "Januariturneringen"]
[Site "?"]
[Date "2008.01.04"]
[Round "1"]
[White "Ahlin, Jim"]
[Black "Prokopic, Novak"]
[Result "1-0"]
[ECO "D05"]
[WhiteElo "1898"]
[BlackElo "1536"]

[PlyCount "101"]
[TimeControl "300"]

1. d4 Nf6 2. e3 e6 3. Bd3 c5 4. Nd2 cxd4 5. exd4
Nc6 6. Ngf3 d5 7. c3 Qc7 8. O-O Bd6 9. Re1 a6 10. Nf1 h6 11. Qe2 b5 12. Ng3 O-O
13. Ne5 Bb7 14. Bd2 Qe7 15. Qf3 Na5 16. Bc2 Nc4 17. Bc1 Qc7 18. Qe2 Rfe8 19. f3
g5 20. b3 Na5 21. Qd3 Kf8 22. Bd2 Nc6 23. f4 Ng8 24. Qh7 Nxe5 25. fxe5 f5 26.
Bxf5 Qxh7 27. Bxh7 Ba3 28. Bg6 Kg7 29. Bxe8 Rxe8 30. Rab1 Be7 31. Nh5+ Kg6 32.
g4 Bc6 33. Rf1 Rf8 34. Rxf8 Bxf8 35. a4 Be7 36. Rc1 Bd8 37. axb5 axb5 38. Ra1
Ne7 39. Ra6 Kf7 40. Bc1 Be8 41. Ba3 Ng6 42. Ra7+ Be7 43. Nf6 Bc6 44. Bd6 Kf8
45. Rc7 Bxd6 46. exd6 Ba8 47. Rc8+ Kf7 48. Rxa8 Nf8 49. d7 Nxd7 50. Nxd7 Ke7
51. Ne5 1-0

[Event "Januariturneringen"]
[Site "?"]
[Date "2008.01.04"]
[Round "1"]
[White "Westin, Mikael"]
[Black "Stegeby, Henrik"]
[Result "0-1"]
[ECO "A52"]
[WhiteElo "1508"]
[BlackElo "1881"]

[PlyCount "62"]
[TimeControl "300"]

1. d4 Nf6 2. c4 e5 3. dxe5 Ng4 4. Nf3 Bc5 5. e3
Nc6 6. Nc3 Ngxe5 7. Be2 O-O 8. O-O d6 9. a3 a5 10. Bd2 Nxf3+ 11. Bxf3 Ne5 12.
Be2 Qh4 13. f4 Ng4 14. Bxg4 Bxg4 15. Qe1 Qh5 16. Na4 Ba7 17. Bxa5 Qxa5 18. Nc3
Rfe8 19. Nd5 Qxe1 20. Rfxe1 Rac8 21. Kf2 c6 22. Nc3 Be6 23. b3 d5 24. cxd5 cxd5
25. Nb5 Rc2+ 26. Kf3 Bb8 27. Rac1 Rec8 28. Rxc2 Rxc2 29. Rb1 Bf5 30. g4 Be4+
31. Kg3 Rc5 0-1

[Event "Januariturneringen"]
[Site "?"]
[Date "2008.01.04"]
[Round "1"]
[White "Eckeskog, Patrik"]
[Black "Gabrielsson, Andreas"]
[Result "0-1"]
[ECO "B92"]
[WhiteElo "1840"]
[BlackElo "1504"]

[PlyCount "110"]
[TimeControl "300"]

1. e4 c5 2. Nf3 d6 3. d4 cxd4 4. Nxd4 Nf6 5. Nc3
a6 6. Be2 e5 7. Nf3 Be7 8. Bg5 Be6 9. Qd2 Nbd7 10. Rd1 Rc8 11. h3 b5 12. a3 h6
13. Bxf6 Nxf6 14. Qe3 Qc7 15. Rd2 O-O 16. Nh2 Rfd8 17. Ng4 Nxg4 18. hxg4 Bg5
19. Qd3 Bxd2+ 20. Qxd2 Qe7 21. Rh5 f6 22. Nd5 Bxd5 23. exd5 e4 24. g5 fxg5 25.
Bg4 Rc7 26. Be6+ Kh8 27. c3 Qf6 28. Qe3 Rf8 29. g3 a5 30. Rh2 b4 31. axb4 axb4
32. cxb4 Qxb2 33. Kf1 Qc1+ 34. Qe1 Qxe1+ 35. Kxe1 Rb7 36. g4 Rxb4 37. Bf5 Rxf5
38. gxf5 Kg8 39. f6 gxf6 40. Rxh6 Kg7 41. Rh3 Rd4 42. Ke2 Rxd5 43. Ra3 Kg6 44.
Ra8 Kf5 45. Rf8 Ke5 46. Rg8 Kf4 47. Ra8 f5 48. Ra7 Rb5 49. Ra3 d5 50. Ra2 d4
51. Rd2 d3+ 52. Kf1 Kf3 53. Kg1 Rb1+ 54. Kh2 Rf1 55. Kh3 Rh1# 0-1

[Event "Januariturneringen"]
[Site "?"]
[Date "2008.01.04"]
[Round "1"]
[White "Nyberg, Roger"]
[Black "Gustafsson, Fredrik"]
[Result "0-1"]
[ECO "E10"]
[WhiteElo "1405"]
[BlackElo "1805"]

[PlyCount "78"]
[TimeControl "300"]

1. d4 Nf6 2. Nf3 e6 3. c4 c5 4. Bg5 h6 5. Bh4
cxd4 6. Nxd4 Bb4+ 7. Nc3 Bxc3+ 8. bxc3 d5 9. Bxf6 Qxf6 10. cxd5 exd5 11. e3 O-O
12. g3 Nc6 13. Bg2 Rd8 14. O-O Be6 15. Rb1 Na5 16. Re1 Rac8 17. Qa4 b6 18. Red1
Rxc3 19. Qb4 Rc4 20. Qa3 Bg4 21. Rdc1 Bf5 22. Rb5 Be6 23. Rb4 Qe7 24. Rcxc4
dxc4 25. Qc3 Qf6 26. Qc2 Qe7 27. Qc3 Qd6 28. Bf3 Qe5 29. Rb5 Qf6 30. Bg2 Rc8
31. Rb4 Rc5 32. Bf1 Nc6 33. Bxc4 Nxb4 34. Qxb4 Rxc4 35. Qd2 Bd5 36. Kf1 Be4 37.
f3 Bxf3 38. Ke1 Be4 39. Nb5 Rc2 0-1

[Event "Januariturneringen"]
[Site "?"]
[Date "2008.01.05"]
[Round "2"]
[White "Kling, Anders"]
[Black "Ahlin, Jim"]
[Result "1/2-1/2"]
[ECO "B47"]
[WhiteElo "2263"]
[BlackElo "1898"]

[PlyCount "106"]
[TimeControl "300"]

1. e4 e6 2. d4 c5 3. Nf3 cxd4 4. Nxd4 Nf6 5. Nc3
Nc6 6. g3 a6 7. Bg2 Bb4 8. O-O Qc7 9. Be3 Nxd4 10. Qxd4 Bxc3 11. bxc3 d6 12.
Rad1 O-O 13. Qxd6 Qxd6 14. Rxd6 e5 15. f4 Be6 16. a3 Rac8 17. fxe5 Nd7 18. Bd4
Rfe8 19. Rb1 Rc7 20. Rb4 h6 21. Bf1 Rec8 22. Bd3 Kf8 23. c4 Ke7 24. c5 Nb8 25.
c3 Nd7 26. Rb2 a5 27. c4 Nxc5 28. Bxc5 Rxc5 29. Rxb7+ R8c7 30. Rxc7+ Rxc7 31.
Ra6 Bxc4 32. Bxc4 Rxc4 33. Rxa5 Ke6 34. Kf2 Rxe4 35. Kf3 Rc4 36. h4 h5 37. a4
g6 38. Ke3 Rb4 39. Kf3 Kf5 40. Ra8 Rb3+ 41. Kf2 Ra3 42. a5 Kxe5 43. a6 Kf5 44.
Ra7 f6 45. Ra8 Kg4 46. a7 g5 47. Rf8 Ra2+ 48. Ke3 Rxa7 49. Rxf6 Ra3+ 50. Kf2
Ra2+ 51. Ke3 Ra3+ 52. Kf2 Ra2+ 53. Ke3 Ra3+ 1/2-1/2

[Event "Januariturneringen"]
[Site "?"]
[Date "2008.01.05"]
[Round "2"]
[White "Stegeby, Henrik"]
[Black "Hjorth, Gunnar"]
[Result "0-1"]
[ECO "B01"]
[WhiteElo "1881"]
[BlackElo "2251"]

[PlyCount "80"]
[TimeControl "300"]

1. e4 d5 2. exd5 Qxd5 3. Nc3 Qd6 4. h3 e5 5. Bc4
Nf6 6. Nf3 Nc6 7. Nb5 Qe7 8. Ng5 Nd8 9. O-O a6 10. Nc3 Ne6 11. d4 exd4 12. Nxe6
Bxe6 13. Bxe6 dxc3 14. Bf5 Qc5 15. Qf3 Be7 16. Be3 Qd5 17. Qxd5 Nxd5 18. Rfe1
cxb2 19. Rab1 O-O 20. Rxb2 b5 21. Be4 Rad8 22. Bd4 Bb4 23. Rf1 Bc3 24. Bxc3
Nxc3 25. Bb7 a5 26. Rb3 b4 27. a3 c5 28. axb4 cxb4 29. Ra1 Rb8 30. Bc6 Ne2+ 31.
Kf1 Nd4 32. Bd5 Rb5 33. Bc4 Rc5 34. Bd3 Nxb3 35. cxb3 Re8 36. Bc4 Kf8 37. Rd1
g6 38. Rd7 Re7 39. Rd8+ Kg7 40. Ra8 Rb7 0-1

[Event "Januariturneringen"]
[Site "?"]
[Date "2008.01.05"]
[Round "2"]
[White "Malmdin, Nils Åke"]
[Black "Gustafsson, Fredrik"]
[Result "1-0"]
[ECO "B30"]
[WhiteElo "2234"]
[BlackElo "1803"]

[PlyCount "95"]
[TimeControl "300"]

1. e4 c5 2. Nf3 Nc6 3. Nc3 e5 4. Bc4 h6 5. d3 d6
6. Nd2 Nf6 7. Nf1 Be7 8. Ne3 Nd4 9. O-O O-O 10. a4 Be6 11. Ncd5 Nxd5 12. Nxd5
Rc8 13. c3 Nc6 14. f4 exf4 15. Bxf4 Bg5 16. Qe2 Ne5 17. Ba2 Bg4 18. Qe3 Ng6 19.
Bxg5 Qxg5 20. Qf2 Kh8 21. Qg3 Be2 22. Qxg5 hxg5 23. Rf5 f6 24. Re1 Bxd3 25. Rf3
c4 26. Rh3+ Kg8 27. Nb4 Nf4 28. Rxd3 a5 29. Rxd6 axb4 30. cxb4 Kh7 31. e5 Rfe8
32. Bb1+ Kh6 33. e6 c3 34. bxc3 Rxc3 35. g3 Rxe6 36. Rdxe6 Nxe6 37. Rxe6 Rc1+
38. Kf2 Rxb1 39. Rb6 Rb2+ 40. Kf3 Rxh2 41. Rxb7 Ra2 42. a5 f5 43. Rb6+ Kh5 44.
a6 Ra3+ 45. Kf2 f4 46. gxf4 gxf4 47. Rb5+ Kg4 48. Ra5 1-0

[Event "Januariturneringen"]
[Site "?"]
[Date "2008.01.05"]
[Round "2"]
[White "Gabrielsson, Andreas"]
[Black "Carlsson, Eric"]
[Result "0-1"]
[ECO "C45"]
[WhiteElo "1504"]
[BlackElo "2078"]

[PlyCount "86"]
[TimeControl "300"]

1. e4 Nc6 2. Nf3 e5 3. d4 exd4 4. Nxd4 Qf6 5.
Nxc6 Bc5 6. Qd2 dxc6 7. Nc3 Bd7 8. Na4 Be7 9. Bd3 O-O-O 10. Qf4 Bb4+ 11. Kf1 b5
12. Qxf6 Nxf6 13. a3 Bd6 14. Nc3 Rhe8 15. Be3 Kb7 16. f3 a6 17. Kf2 c5 18. Rhd1
c4 19. Be2 Bc6 20. g3 Nd7 21. a4 Bc5 22. Bxc5 Nxc5 23. axb5 axb5 24. Rxd8 Rxd8
25. Rd1 Rxd1 26. Bxd1 Nd7 27. Ke3 Kb6 28. Ne2 Kc5 29. Nd4 Bb7 30. f4 Nb6 31.
Nf5 Na4 32. b3 Nc3 33. Bf3 cxb3 34. cxb3 Kb4 35. Nxg7 Kxb3 36. Nf5 b4 37. Nh6
Kc2 38. Nxf7 b3 39. e5 Bxf3 40. Kxf3 b2 41. Ng5 b1=Q 42. Nxh7 Qd1+ 43. Kg2 Qe2+
0-1

[Event "Januariturneringen"]
[Site "?"]
[Date "2008.01.05"]
[Round "2"]
[White "Heijdenberg, Ronny"]
[Black "Book, Kaarlo"]
[Result "1/2-1/2"]
[ECO "B13"]
[WhiteElo "1599"]
[BlackElo "1540"]

[PlyCount "28"]
[TimeControl "300"]

1. e4 c6 2. d4 d5 3. exd5 cxd5 4. Bd3 Nf6 5. h3
Nc6 6. c3 e6 7. Nf3 Bd6 8. O-O Qc7 9. Re1 O-O 10. Qc2 h6 11. b3 Bd7 12. Ba3
Rac8 13. Bxd6 Qxd6 14. Qd2 a6 1/2-1/2

[Event "Januariturneringen"]
[Site "?"]
[Date "2008.01.05"]
[Round "2"]
[White "Fuentes, Ruben"]
[Black "Eckeskog, Patrik"]
[Result "1/2-1/2"]
[ECO "C01"]
[WhiteElo "1962"]
[BlackElo "1840"]

[PlyCount "65"]
[TimeControl "300"]

1. e4 e6 2. d4 d5 3. Nc3 Nf6 4. Bg5 Be7 5. exd5
exd5 6. Bxf6 Bxf6 7. Qe2+ Kf8 8. O-O-O c6 9. f4 h5 10. h3 b5 11. Nf3 a5 12. Ne5
a4 13. Rg1 b4 14. Nb1 b3 15. a3 Bf5 16. c3 h4 17. g3 hxg3 18. Rxg3 Bh4 19. Rg1
Qf6 20. Nd2 Bc2 21. Qg4 Bxd1 22. Kxd1 g6 23. Bd3 Kg7 24. Bxg6 fxg6 25. Nxg6 Na6
26. Ne5+ Kh6 27. Nf7+ Qxf7 28. Nf3 Rag8 29. Qxh4+ Qh5 30. Qf6+ Kh7 31. Qe7+ Kh6
32. Qf6+ Kh7 33. Qe7+ 1/2-1/2

[Event "Januariturneringen"]
[Site "?"]
[Date "2008.01.05"]
[Round "2"]
[White "Prokopic, Novak"]
[Black "Stål, Carl Olof"]
[Result "1/2-1/2"]
[ECO "E00"]
[WhiteElo "1536"]
[BlackElo "1796"]

[PlyCount "92"]
[TimeControl "300"]

1. d4 Nf6 2. c4 e6 3. a3 d5 4. e3 Be7 5. Nf3 O-O
6. Qc2 Nbd7 7. Bd3 dxc4 8. Bxc4 c5 9. dxc5 Bxc5 10. b4 Be7 11. Bd3 h6 12. Bb2
b6 13. Nbd2 Bb7 14. Rc1 Rc8 15. Qb1 Rxc1+ 16. Bxc1 Qc7 17. Bb2 Rc8 18. O-O a6
19. Rc1 Qb8 20. Rxc8+ Qxc8 21. Ne5 Nxe5 22. Bxe5 b5 23. Bb2 Qc6 24. f3 Qc7 25.
Qc2 Qxc2 26. Bxc2 Nd5 27. Kf2 f5 28. e4 fxe4 29. Bxe4 Bc8 30. Be5 Bf6 31. Bxf6
Nxf6 32. Ke3 e5 33. h3 Kf7 34. g4 Ke7 35. Nb3 Kd6 36. Nc5 Nd5+ 37. Bxd5 Kxd5
38. Kd3 g5 39. Ne4 Ke6 40. Ng3 Kf6 41. Ne4+ Ke6 42. Ke3 Kd5 43. Kd3 Ke6 44. Ng3
Kf6 45. Nh5+ Kg6 46. Ng3 Kf6 1/2-1/2

[Event "Januariturneringen"]
[Site "?"]
[Date "2008.01.05"]
[Round "2"]
[White "Jäske, Håkan"]
[Black "Westin, Mikael"]
[Result "1-0"]
[ECO "E60"]
[WhiteElo "1753"]
[BlackElo "1508"]

[PlyCount "115"]
[TimeControl "300"]

1. d4 d6 2. Nf3 Nf6 3. g3 g6 4. Bg2 Bg7 5. c4
Nbd7 6. Nc3 c5 7. b3 O-O 8. Bb2 Rb8 9. O-O cxd4 10. Nxd4 Ne5 11. Qd2 Bd7 12. e4
Qb6 13. Nc2 Bc6 14. Ne3 Ned7 15. Rfe1 Nc5 16. Ned5 Qd8 17. Rad1 Qd7 18. b4 Na4
19. Nxf6+ Bxf6 20. b5 Nxb2 21. Qxb2 Bxc3 22. Qxc3 Bxb5 23. cxb5 Qxb5 24. Rb1
Qd7 25. Qd4 b6 26. e5 Rfd8 27. exd6 exd6 28. Qf6 d5 29. Rbd1 d4 30. Re7 Qf5 31.
Qxf5 gxf5 32. Rxa7 Kg7 33. Ra3 Rd6 34. Rad3 Rbd8 35. Rb1 Kf6 36. f4 Kg6 37. Rb5
Rc8 38. Rb2 Rc1+ 39. Kf2 Rc3 40. Rbd2 Rc4 41. Bf3 Rb4 42. Bd1 Kf6 43. Bb3 h6
44. Rc2 Rd7 45. Rc4 Rxc4 46. Bxc4 Ke7 47. Kf3 Rd6 48. h3 Kd7 49. g4 fxg4+ 50.
hxg4 Ke7 51. Ke4 Rg6 52. Rg3 Rd6 53. Bd5 d3 54. Rxd3 Rg6 55. Kf3 f5 56. gxf5
Rf6 57. Be6 h5 58. Rd7+ 1-0

[Event "Januariturneringen"]
[Site "?"]
[Date "2008.01.05"]
[Round "2"]
[White "Nyberg, Roger"]
[Black "Baghomian, Emin"]
[Result "0-1"]
[ECO "A45"]
[WhiteElo "1403"]
[BlackElo "1733"]

[PlyCount "80"]
[TimeControl "300"]

1. d4 Nf6 2. Nd2 c5 3. c3 cxd4 4. cxd4 d5 5. e3
a6 6. Ngf3 e6 7. Bd3 Bd6 8. O-O O-O 9. Re1 Nbd7 10. e4 dxe4 11. Nxe4 Nxe4 12.
Bxe4 Nf6 13. Qc2 h6 14. b3 Rb8 15. Bb2 Bd7 16. Rad1 Bb4 17. Nd2 Rc8 18. Qb1 Nd5
19. Bxd5 exd5 20. a3 Ba5 21. b4 Bc7 22. Nf3 Bg4 23. Qd3 Qd6 24. g3 Qf6 25. Kg2
Bf5 26. Qb3 Be4 27. Re3 Bb6 28. Rd2 Bd8 29. Kg1 Qf5 30. Ne1 Bg5 31. f4 Bf6 32.
Bc3 b5 33. Bb2 Rc4 34. Bc3 Kh7 35. Qb2 Rfc8 36. Rde2 g5 37. Rf2 g4 38. Qd2 R8c6
39. Rfe2 Qc8 40. Qb2 Rxc3 0-1

[Event "Januariturneringen"]
[Site "?"]
[Date "2008.01.05"]
[Round "3"]
[White "Hjorth, Gunnar"]
[Black "Malmdin, Nils Åke"]
[Result "1/2-1/2"]
[ECO "E11"]
[WhiteElo "2251"]
[BlackElo "2234"]

[PlyCount "28"]
[TimeControl "300"]

1. d4 e6 2. Nf3 Nf6 3. c4 Bb4+ 4. Bd2 c5 5. Bxb4
cxb4 6. g3 O-O 7. Bg2 d6 8. O-O Nc6 9. Nbd2 Re8 10. Re1 e5 11. dxe5 dxe5 12.
Ng5 Bf5 13. Nde4 Nxe4 14. Nxe4 Bxe4 1/2-1/2

[Event "Januariturneringen"]
[Site "?"]
[Date "2008.01.05"]
[Round "3"]
[White "Carlsson, Eric"]
[Black "Kling, Anders"]
[Result "1/2-1/2"]
[ECO "A05"]
[WhiteElo "2078"]
[BlackElo "2263"]

[PlyCount "71"]
[TimeControl "300"]

1. Nf3 Nf6 2. g3 g6 3. b4 a5 4. b5 Bg7 5. Bb2
O-O 6. Bg2 d5 7. O-O Nbd7 8. d3 Re8 9. Nbd2 e5 10. e4 d4 11. Nc4 Nh5 12. c3 Nf8
13. cxd4 exd4 14. Nfd2 Ne6 15. f4 Nc5 16. Nf3 Be6 17. Rc1 b6 18. Ng5 Bd7 19. a4
h6 20. Nf3 Bg4 21. Qc2 g5 22. Nfe5 gxf4 23. Nxg4 Qg5 24. h3 Nxg3 25. Rf2 h5 26.
Nh2 Rad8 27. Re1 f5 28. e5 Ne6 29. Nf3 Qg6 30. Kh2 Bh6 31. Rg1 Re7 32. Nh4 Qg5
33. Nf3 Qg6 34. Nh4 Qg5 35. Nf3 Qg6 36. Nh4 1/2-1/2

[Event "Januariturneringen"]
[Site "?"]
[Date "2008.01.05"]
[Round "3"]
[White "Ahlin, Jim"]
[Black "Fuentes, Ruben"]
[Result "1/2-1/2"]
[ECO "B13"]
[WhiteElo "1898"]
[BlackElo "1962"]

[PlyCount "104"]
[TimeControl "300"]

1. d4 c5 2. e3 cxd4 3. exd4 d5 4. Nf3 Nc6 5. c3
Bg4 6. Be2 Bxf3 7. Bxf3 e6 8. O-O Bd6 9. Re1 Nge7 10. Nd2 Qc7 11. Nf1 O-O 12.
g3 Nf5 13. Qd3 Nce7 14. Ne3 Nxe3 15. Bxe3 Ng6 16. Re2 Rad8 17. Bg2 a6 18. Rf1
Qa5 19. b4 Qa4 20. f4 Ne7 21. Bf3 Qb5 22. Qxb5 axb5 23. Bc1 g6 24. a3 Rc8 25.
Bb2 Nf5 26. Ree1 h5 27. Kf2 Bc7 28. Be2 Nd6 29. Bd3 Nc4 30. Bxc4 bxc4 31. Kf3
b5 32. Bc1 Kg7 33. Rf2 Ra8 34. h3 Rh8 35. Ra2 Ra6 36. Rh1 f6 37. Re2 Rf8 38.
Rhe1 e5 39. Rd1 e4+ 40. Ke3 g5 41. Rg1 Kg6 42. Rf2 Ra7 43. Rgf1 gxf4+ 44. gxf4
Kf5 45. Rg1 Bd6 46. Ke2 Rff7 47. Rfg2 Bb8 48. Rg8 Bd6 49. Rd8 Rfd7 50. Rh8 Rh7
51. Rd8 Rad7 52. Rb8 Rb7 1/2-1/2

[Event "Januariturneringen"]
[Site "?"]
[Date "2008.01.05"]
[Round "3"]
[White "Baghomian, Emin"]
[Black "Stegeby, Henrik"]
[Result "0-1"]
[ECO "A85"]
[WhiteElo "1733"]
[BlackElo "1881"]

[PlyCount "78"]
[TimeControl "300"]

1. Nf3 f5 2. c4 Nf6 3. Nc3 g6 4. d4 Bg7 5. e3
O-O 6. Bd3 d6 7. O-O c6 8. Rb1 Nbd7 9. Ng5 Nb6 10. f4 e5 11. d5 h6 12. Nh3 e4
13. Be2 cxd5 14. cxd5 Bd7 15. b3 Be8 16. Kh1 Bf7 17. Bc4 a6 18. Ba3 Rc8 19. Qe2
Na8 20. Qd2 Qd7 21. Rbd1 Ng4 22. Bb2 b5 23. Be2 Nf6 24. b4 Nb6 25. a4 Nc4 26.
Bxc4 Rxc4 27. axb5 axb5 28. Ba3 Rfc8 29. Rc1 Qb7 30. Rfd1 Ng4 31. Ne2 Qb6 32.
Rxc4 Rxc4 33. Bc1 Qc7 34. Nd4 Bxd4 35. exd4 e3 36. Qe1 e2 37. Qxe2 Rxc1 38. Kg1
Rxd1+ 39. Qxd1 Qc3 0-1

[Event "Januariturneringen"]
[Site "?"]
[Date "2008.01.05"]
[Round "3"]
[White "Gustafsson, Fredrik"]
[Black "Gabrielsson, Andreas"]
[Result "0-1"]
[ECO "E52"]
[WhiteElo "1803"]
[BlackElo "1504"]

[PlyCount "80"]
[TimeControl "300"]

1. Nf3 Nf6 2. c4 e6 3. e3 b6 4. Nc3 Bb7 5. d4
Bb4 6. Bd2 O-O 7. Be2 d5 8. O-O dxc4 9. Bxc4 Nbd7 10. Rc1 c5 11. Nb5 Bxd2 12.
Nxd2 cxd4 13. Nxd4 Ne5 14. Qb3 Nxc4 15. Nxc4 Qd5 16. f3 Rac8 17. Rfd1 Ba6 18.
Nd2 Rxc1 19. Rxc1 Qd7 20. Nc4 Rc8 21. a4 h6 22. Rc2 Rc5 23. f4 Qd5 24. Na3 Qe4
25. Rc3 Nd5 26. Rxc5 bxc5 27. Ndc2 Bd3 28. Kf2 c4 29. Qb8+ Kh7 30. Qe5 Bxc2 31.
Qxe4+ Bxe4 32. Nxc4 Nb4 33. g3 Kg6 34. h3 Kf6 35. g4 Bd5 36. Ne5 Ke7 37. Ke2 f6
38. Nf3 Bxf3+ 39. Kxf3 Nd3 40. b3 Nc5 0-1

[Event "Januariturneringen"]
[Site "?"]
[Date "2008.01.05"]
[Round "3"]
[White "Book, Kaarlo"]
[Black "Jäske, Håkan"]
[Result "1-0"]
[ECO "E91"]
[WhiteElo "1540"]
[BlackElo "1753"]

[PlyCount "57"]
[TimeControl "300"]

1. d4 Nf6 2. Nf3 g6 3. c4 Bg7 4. Nc3 d6 5. e4
Nbd7 6. Be2 c5 7. d5 O-O 8. O-O Ne8 9. Be3 Nc7 10. Qd2 Re8 11. Rab1 b6 12. h3
a6 13. Nh2 Rb8 14. Ng4 Ne5 15. Nxe5 dxe5 16. b4 f5 17. exf5 Bxf5 18. Bd3 Bxd3
19. Qxd3 Ne6 20. bxc5 Nxc5 21. Bxc5 bxc5 22. Ne4 Qc7 23. Ng5 Qd6 24. Ne6 Rec8
25. h4 Rxb1 26. Rxb1 Rb8 27. Rxb8+ Qxb8 28. h5 gxh5 29. Qg3 1-0

[Event "Januariturneringen"]
[Site "?"]
[Date "2008.01.05"]
[Round "3"]
[White "Stål, Carl Olof"]
[Black "Heijdenberg, Ronny"]
[Result "1-0"]
[ECO "E81"]
[WhiteElo "1796"]
[BlackElo "1599"]

[PlyCount "99"]
[TimeControl "300"]

1. d4 Nf6 2. c4 g6 3. Nc3 Bg7 4. e4 d6 5. f3 O-O
6. Be3 Nbd7 7. Qd2 Re8 8. g4 c5 9. Nge2 cxd4 10. Nxd4 Ne5 11. h3 Nfd7 12. f4
Nc6 13. Bg2 Nxd4 14. Bxd4 Bxd4 15. Qxd4 Qb6 16. Qxb6 Nxb6 17. b3 Nd7 18. O-O
Rb8 19. Rad1 b6 20. Rd2 Nc5 21. Re1 Bb7 22. e5 Bxg2 23. Kxg2 dxe5 24. Rxe5 Ne6
25. Kf3 Rbd8 26. Red5 Rxd5 27. Nxd5 Kf8 28. Nc3 Rd8 29. Rxd8+ Nxd8 30. Nb5 Nc6
31. Ke4 e6 32. a3 Ke7 33. b4 Kd7 34. Nd4 f5+ 35. gxf5 exf5+ 36. Ke3 Nxd4 37.
Kxd4 Kd6 38. c5+ bxc5+ 39. bxc5+ Kc6 40. Kc4 a6 41. a4 h6 42. h4 h5 43. Kd4 Kc7
44. Kd5 Kd7 45. a5 Kc7 46. c6 Kc8 47. Kd6 Kd8 48. c7+ Kc8 49. Kc6 g5 50. fxg5
1-0

[Event "Januariturneringen"]
[Site "?"]
[Date "2008.01.05"]
[Round "3"]
[White "Eckeskog, Patrik"]
[Black "Prokopic, Novak"]
[Result "1-0"]
[ECO "B29"]
[WhiteElo "1840"]
[BlackElo "1536"]

[PlyCount "107"]
[TimeControl "300"]

1. e4 c5 2. Nf3 Nf6 3. e5 Ng8 4. c3 e6 5. d4 d6
6. dxc5 dxc5 7. Qxd8+ Kxd8 8. Ng5 Ke8 9. f4 a6 10. Be2 Bd7 11. Be3 Bc6 12. O-O
h6 13. Nh3 Nd7 14. Nd2 b5 15. c4 Ne7 16. Nb3 Nf5 17. Bf2 bxc4 18. Bxc4 Bb5 19.
Rac1 Rc8 20. g4 Nd4 21. Nxd4 cxd4 22. Bxb5 Rxc1 23. Rxc1 axb5 24. Rc8+ Ke7 25.
Bxd4 f6 26. Nf2 fxe5 27. fxe5 g5 28. Nd3 Bg7 29. Rxh8 Bxh8 30. Kf2 Bg7 31. Ke3
Kd8 32. Ke4 Bf8 33. b3 Kc7 34. b4 Kc6 35. h3 Nb6 36. Bxb6 Kxb6 37. Kd4 Kc6 38.
a3 Be7 39. Nc5 Bxc5+ 40. bxc5 Kc7 41. Kc3 Kb7 42. Kb3 Ka7 43. a4 Ka6 44. Kb4
bxa4 45. Kxa4 Ka7 46. Kb5 Kb7 47. c6+ Kc8 48. Kb6 Kb8 49. c7+ Kc8 50. Kc6 h5
51. gxh5 g4 52. h6 g3 53. h7 g2 54. h8=Q# 1-0

[Event "Januariturneringen"]
[Site "?"]
[Date "2008.01.05"]
[Round "3"]
[White "Westin, Mikael"]
[Black "Nyberg, Roger"]
[Result "1-0"]
[ECO "D45"]
[WhiteElo "1508"]
[BlackElo "1403"]

[PlyCount "69"]
[TimeControl "300"]

1. d4 Nf6 2. Nf3 e6 3. c4 c6 4. Nc3 d5 5. e3 Be7
6. Bd3 O-O 7. Qc2 dxc4 8. Bxc4 Nbd7 9. Bd2 Re8 10. h3 Qc7 11. g4 Nf8 12. O-O-O
b5 13. Bd3 b4 14. Ne2 a5 15. g5 Nh5 16. Rdg1 c5 17. Ne5 Ba6 18. Nc4 Rec8 19. b3
Bb5 20. Nb2 Bc6 21. e4 cxd4 22. Nxd4 Qd6 23. Nxc6 Rxc6 24. Nc4 Qb8 25. Rg4 Qb5
26. f4 a4 27. Kb2 Bc5 28. Kb1 axb3 29. Qxb3 Ra3 30. Nxa3 Qxd3+ 31. Qxd3 bxa3
32. Rh4 Rd6 33. Qc2 Ng3 34. Qxc5 Rxd2 35. Re1 1-0

[Event "Januariturneringen"]
[Site "?"]
[Date "2008.01.06"]
[Round "4"]
[White "Kling, Anders"]
[Black "Hjorth, Gunnar"]
[Result "1-0"]
[ECO "B01"]
[WhiteElo "2263"]
[BlackElo "2251"]

[PlyCount "41"]
[TimeControl "300"]

1. e4 d5 2. exd5 Qxd5 3. Nc3 Qd6 4. d4 Nf6 5.
Bc4 a6 6. Nge2 Qc6 7. Qd3 Qxg2 8. Rg1 Qh3 9. Be3 Qf5 10. Qd2 e6 11. O-O-O Ne4
12. Nxe4 Qxe4 13. Nc3 Qc6 14. Qe2 Qd6 15. d5 e5 16. Ne4 Qd7 17. f4 b5 18. Bb3
f5 19. d6 cxd6 20. Qh5+ g6 21. Rxg6 1-0